 Dungeon Crawl Stone Soup version 0.28.0-53-g5a82cb258f (webtiles) character file.

Game seed: 18070339056900207983

900 Legadrian the Skirmisher (level 7, -2/66 HPs)
             Began as a Minotaur Fighter on July 3, 2022.
             Was a Follower of the Shining One.
             Slain by an orc warrior
             ... wielding a +1 flail of distortion
              (23 damage)
             ... on level 6 of the Dungeon.
             The game lasted 00:18:15 (5450 turns).

Legadrian the Skirmisher (Minotaur Fighter)         Turns: 5450, Time: 00:18:16

Health: -2/66      AC: 19    Str: 34    XL:     7   Next: 79%
Magic:  6/6        EV:  8    Int:  5    God:    the Shining One [*.....]
Gold:   323        SH:  4    Dex: 10    Spells: 6/6 levels left

rFire   . . .      SeeInvis .   f - +4 flail (protect)
rCold   . . .      Faith    .   c - +0 buckler
rNeg    . . .      Spirit   .   m - +0 chain mail
rPois   .          Reflect  .   (helmet restricted)
rElec   .          Harm     .   s - +1 cloak
rCorr   .          Rampage  .   (no gloves)
Will    .....                   (no boots)
Stlth   ..........              (no amulet)
HPRegen 0.21/turn               q - +6 ring of strength
MPRegen 0.10/turn               v - +6 ring of strength

@: under a protective aura, glowing
A: horns 2, retaliatory headbutt
a: Renounce Religion, Divine Shield


You were on level 6 of the Dungeon.
You worshipped the Shining One.
The Shining One was aware of your devotion.
You visited 2 branches of the dungeon, and saw 7 of its levels.
You also visited: Sewer.

You collected 323 gold pieces.

Inventory:

Hand Weapons
 a - a +0 flail
 b - a +0 falchion of holy wrath
 f - a +4 flail of protection (weapon)
 n - a +1 mace of draining
 r - a +1 whip of freezing
 C - a +0 short sword of venom
Armour
 c - a +0 buckler (worn)
 m - a +0 chain mail (worn)
 s - a +1 cloak (worn)
Jewellery
 q - a +6 ring of strength (left hand)
 v - a +6 ring of strength (right hand)
 w - a ring of positive energy
 x - a +4 ring of evasion
Wands
 j - a wand of digging (2)
 k - a wand of mindburst (6)
Scrolls
 g - a scroll of fog {unknown}
 i - 2 scrolls of silence
 l - a scroll of brand weapon {unknown}
 p - 3 scrolls of teleportation
 t - a scroll of holy word {unknown}
 u - a scroll of torment
 y - a scroll of immolation {unknown}
 A - 2 scrolls of noise
Potions
 d - a potion of might
 e - 5 potions of curing {unknown}
 h - 2 potions of invisibility {unknown}
 o - a potion of heal wounds {unknown}
 z - 5 potions of flight
 B - a potion of mutation


   Skills:
 - Level 7.6 Fighting
 - Level 7.2 Maces & Flails
 + Level 5.9 Armour
 - Level 3.6 Shields


You had 6 spell levels left.
You didn't know any spells.
Your spell library contained the following spells:

 Spells                   Type           Power      Damage    Failure   Level
 Summon Small Mammal      Summ           0%         N/A       95%         1
 Call Canine Familiar     Summ           0%         N/A       100%        3
 Summon Guardian Golem    Hex/Summ       0%         N/A       100%        3


Dungeon Overview and Level Annotations

Branches:
Dungeon (6/15)             Temple (1/1) D:4           Sewer (visited)

Altars:
Ashenzari
Dithmenos
Elyvilon
Gozag
Hepliaklqana
Makhleb
Nemelex Xobeh
Okawaru
Qazlal
Ru
Sif Muna
Uskayaw
Vehumet
Wu Jian
Xom
The Shining One

Shops:
D:1 [   D:5 *


Innate Abilities, Weirdness & Mutations

You have a pair of horns on your head.
You reflexively headbutt those who attack you in melee.


Message History

The killer bee zombie hits you.
You sock the orc!
You kill the orc!
The orc hits you but does no damage. The killer bee zombie hits you.
You sock the killer bee zombie!
You destroy the killer bee zombie!
The Shining One accepts your kill. You block the orc's attack.
You sock the orc!
You kill the orc!
There is a stone staircase leading up here.
Things that are here:
a +0 hand axe; an orc corpse
Things that are here:
a +0 falchion; an orc corpse You open the door.
There is an open door here.
There is an open door here.
The orc warrior shouts!
The orc shouts!
The orc warrior hits you with a +1 flail of distortion!
Space warps around you.
The orc hits you from afar with a +0 trident.
You barely miss the orc warrior. You block the orc warrior's attack.
The orc closely misses you.
You sock the orc warrior!
Your weapon exudes an aura of protection.
The orc warrior is heavily wounded.
The orc warrior hits you with a +1 flail of distortion.
Space warps around you. The orc closely misses you.
You hit the orc warrior.
You headbutt the orc warrior, but do no damage.
The orc warrior is heavily wounded.
The orc warrior hits you with a +1 flail of distortion.
Space warps horribly around you! You block the orc's attack.
You closely miss the orc warrior.
The orc warrior is heavily wounded.
The orc warrior hits you but does no damage.
Space warps horribly around you!!
You die...

#.....>).#.........
#........#.........
#........#.........
#........##'###+#####
###'##..............#
... #..............#
.....
#..............#
.....
#..........<...#
.....
#........o@....#
.....
#..............#
.....
#...........o..#
#..............#
##############...
.... ... ..


You could see an orc warrior and an orc.

Vanquished Creatures
  Eustachio (D:5)
  Duvessa (D:4)
  A black bear (D:5)
  An ogre (D:5)
  A bullfrog (D:5)
  Dowan (D:4)
  A jelly (D:6)
  A hound (D:4)
  Crazy Yiuf (D:5)
  An orc priest (D:2)
  A killer bee zombie (D:6)
  A gnoll (D:1)
  7 river rats
  6 adders
  A white imp (D:5)
  6 worms
  11 orcs
  5 ball pythons
  8 endoplasms
  2 giant cockroaches (Sewer)
  2 goblins
  3 hobgoblins
  A jackal (Sewer)
  2 quokkas (D:2)
  7 bats
  5 frilled lizards
  10 kobolds
  5 rats
93 creatures vanquished.

Notes
Turn   | Place    | Note
-------+----------+-------------------------------------------
     0 | D:1      | Legadrian the Minotaur Fighter began the quest for the Orb.
     0 | D:1      | Reached XP level 1. HP: 19/19 MP: 0/0
    57 | D:1      | Found Rawk's Armour Shoppe.
    92 | D:1      | Found a faded altar of an unknown god.
   178 | D:1      | Reached XP level 2. HP: 25/28 MP: 1/1
   817 | D:2      | Reached skill level 5 in Fighting
  1034 | D:2      | Reached XP level 3. HP: 24/36 MP: 2/2
  1321 | D:2      | Reached XP level 4. HP: 43/44 MP: 3/3
  2117 | D:3      | Found a white marble altar of Elyvilon.
  2352 | D:3      | Found a radiant altar of Vehumet.
  3083 | D:4      | Found a staircase to the Ecumenical Temple.
  3092 | Temple   | Entered the Ecumenical Temple
  3268 | Temple   | Became a worshipper of the Shining One
  3517 | D:4      | Noticed Duvessa
  3517 | D:4      | Noticed Dowan
  3538 | D:5      | Entered Level 5 of the Dungeon
  3545 | D:5      | Reached XP level 5. HP: 51/51 MP: 4/4
  3672 | D:5      | Noticed an ogre
  3683 | D:5      | Killed an ogre
  3684 | D:5      | Reached XP level 6. HP: 51/60 MP: 5/5
  3743 | D:5      | Found a glowing drain.
  3754 | Sewer    | Entered a sewer
  3967 | Sewer    | Reached skill level 5 in Maces & Flails
  4315 | D:5      | Noticed Eustachio
  4329 | D:5      | Killed Eustachio
  4330 | D:5      | Reached XP level 7. HP: 50/66 MP: 6/6
  4499 | D:5      | Found Ogaiv's General Store.
  4523 | D:5      | Found a runed translucent door.
  4524 | D:5      | Noticed Crazy Yiuf
  4529 | D:5      | Killed Crazy Yiuf
  4567 | D:5      | Found a sacrificial altar of Ru.
  4863 | D:4      | Killed Duvessa
  4864 | D:4      | Reached skill level 5 in Armour
  4867 | D:4      | Killed Dowan
  4984 | D:4      | Found a shadowy altar of Dithmenos.
  5412 | D:6      | Reached * piety under the Shining One
  5450 | D:6      | Slain by an orc warrior

Illustrated notes

Levels and vault maps discovered:
D:1:      minmay_arrival_semitransparent, layout_basic, serial_shops,
          nicolae_shop_advertising_works [nicolae_subvault_shop_adworks],
          basic_ecumenical_altar, kennysheep_decorative_pillar
D:2:      layout_basic
D:3:      layout_basic, mainiacjoe_overflow_paths,
          nicolae_elyvilon_peaceful_grove
D:4:      layout_loops_ring, nicolae_dithmenos_through_a_glass_darkly,
          minmay_temple_entry_mist, uniq_duvessa
D:5:      wander_river, layout_basic, nicolae_ru_the_path_less_chosen,
          lightli_sewer_entry_pipes, serial_shops, nicolae_shop_behind_doors,
          wad_floor_pattern_1, uniq_eustachio, uniq_crazy_yiuf_cottage
D:6:      layout_gridville, serial_undead, serial_undead_c, serial_undead_b,
          serial_undead_d, serial_undead_b, serial_undead_b, uniq_menkaure
Temple:   hc_temple_tempest_star

Skill      XL: |  1  2  3  4  5  6  7 |
---------------+----------------------+-----
Fighting       | 4 5 6 7 |  7.6
Maces & Flails | 4 6 7 |  7.2
Armour         | 5 |  5.9
Shields        | |  3.6

Action                   |  1- 3 |  4- 6 |  7- 9 || total
-------------------------+-------+-------+-------++-------
Melee: Flail             |    47 |   124 |    26 ||   197
       Headbutt          |     3 |    17 |     5 ||    25
  Use: Scroll            |       |     7 |       ||     7
       Potion            |       |     1 |       ||     1
Armor: Scale mail        |    16 |       |       ||    16
       Chain mail        |    12 |    77 |     9 ||    98
Dodge: Dodged            |    22 |    57 |     9 ||    88
Block: Buckler           |     8 |    31 |     3 ||    42
